 Dungeon Crawl Stone Soup version 0.32-a0-39-g5c88369fb2 (webtiles) character file.

Game seed: 13003901227420167184

1379872 Ge0ff the Dancer (level 27, 169/205 HPs)
             Began as a Mummy Hedge Wizard on Jan 26, 2024.
             Was a Follower of Uskayaw.
             Escaped with the Orb
             ... and 3 runes on Jan 29, 2024!
             The game lasted 06:52:33 (115230 turns).

Ge0ff the Dancer (Mummy Hedge Wizard)             Turns: 115230, Time: 06:52:33

Health: 169/205    AC: 25    Str: 11 (13) XL:     27
Magic:  51/51      EV: 14    Int: 35 (38) God:    Uskayaw [*.....]
Gold:   1143       SH:  9    Dex: 14      Spells: 1/57 levels left

rFire   + + .        a - +3 Elemental Staff {ele, rElec rF+ rC+ AC+3}
rCold   + + .        r - +3 buckler {rPois}
rNeg    + + +        D - +3 troll leather armour
rPois   ∞            K - +5 hat of Taroanugg {Int+5 Stlth+}
rElec   +            N - +2 cloak {rPois}
rCorr   .            G - +2 pair of gloves
SInv    +            x - +2 pair of boots {Stlth+}
Will    +++..        Q - amulet of magic regeneration
Stlth   ++           t - ring "Ataojote" {Fly rF+ Int+6}
HPRegen 1.34/turn    M - ring of Maocadghi {rF+ rN+ MP+9 Int+2 SInv, =R}
MPRegen 0.72/turn

%: faith
@: flying, very slightly contaminated
A: cold resistance 1, negative energy resistance 3, torment resistance 2, heat
vulnerability 1, in touch with death 2, no potions, faith
0: Orb of Zot
}: 3/15 runes: barnacled, silver, gossamer
a: Renounce Religion, Stomp


You escaped.
You worshipped Uskayaw.
Uskayaw was pleased with you.
You visited 11 branches of the dungeon, and saw 51 of its levels.
You visited 1 bazaar.
You also visited: Trove and Desolation.

You collected 10719 gold pieces.
You spent 9576 gold pieces at shops.

Inventory:

Hand Weapons
 a - the +3 Elemental Staff (weapon) {ele, rElec rF+ rC+ AC+3}
   (You bought it in a shop on level 5 of the Vaults)

   AC+3:      It affects your AC (+3).
   rF+:       It protects you from fire.
   rC+:       It protects you from cold.
   rElec:     It insulates you from electricity.
 b - the +6 dagger "Exualy Ihei" {flame, rElec Will+}
   (You bought it in a shop on level 2 of the Elven Halls)

   rElec:     It insulates you from electricity.
   Will+:     It increases your willpower.
 h - a +5 vampiric dagger
 q - the +6 long sword of Destiny {venom, +Blink}
   (You found it on level 1 of the Lair of Beasts)

   +Blink:    It lets you blink.
 w - the +10 dagger "Figheh" {heavy, rN++}
   (You found it on level 2 of the Dungeon)

   rN++:      It greatly protects you from negative energy.
 A - a +1 rapier of distortion
 Z - a +9 rapier of speed
Missiles
 g - 2 throwing nets {=F}
 m - 6 datura-tipped darts {=F}
 p - 46 boomerangs
 u - 13 javelins
 v - 8 curare-tipped darts {=F}
 R - 3 darts of dispersal
 X - 3 silver javelins
Armour
 r - a +3 buckler of poison resistance (worn)
 x - a +2 pair of boots of stealth (worn)
 D - a +3 troll leather armour (worn)
 G - a +2 pair of gloves (worn)
 K - the +5 hat of Taroanugg (worn) {Int+5 Stlth+}
   (You found it on level 4 of the Spider Nest)

   Int+5:     It affects your intelligence (+5).
   Stlth+:    It makes you more stealthy.
 N - a +2 cloak of poison resistance (worn)
Jewellery
 i - the amulet "Fah Gul" {Rampage rElec Regen+}
   (You took it off a deep elf annihilator on level 3 of the Elven Halls)

   [amulet of regeneration]

   rElec:     It insulates you from electricity.
   Regen+:    It increases your rate of health regeneration.
   Rampage:   It bestows one free step when moving towards enemies.
 o - the ring "Biorph" {+Blink rElec Str+3 Int+6 Dex-5}
   (You found it in a treasure trove)

   [ring of intelligence]

   Str+3:     It affects your strength (+3).
   Int+6:     It affects your intelligence (+6).
   Dex-5:     It affects your dexterity (-5).
   rElec:     It insulates you from electricity.
   +Blink:    It lets you blink.
 t - the ring "Ataojote" (left hand) {Fly rF+ Int+6}
   (You found it in a treasure trove)

   [ring of intelligence]

   Int+6:     It affects your intelligence (+6).
   rF+:       It protects you from fire.
   Fly:       It grants you flight.
 H - the ring of Quodet {Dex+6 SInv}
   (You acquired it on level 5 of the Lair of Beasts)

   [ring of dexterity]

   Dex+6:     It affects your dexterity (+6).
   SInv:      It lets you see invisible.
 I - the ring "Ytso" {rN+ AC+4 SInv}
   (You found it in a treasure trove)

   [ring of protection]

   AC+4:      It affects your AC (+4).
   rN+:       It protects you from negative energy.
   SInv:      It lets you see invisible.
 L - the ring "Xyalyemi" {Fly rElec}
   (You found it on level 1 of the Lair of Beasts)

   [ring of flight]

   rElec:     It insulates you from electricity.
   Fly:       It grants you flight.
 M - the ring of Maocadghi (right hand) {rF+ rN+ MP+9 Int+2 SInv, =R}
   (You bought it in a shop on level 5 of the Vaults)

   [ring of magical power]

   Int+2:     It affects your intelligence (+2).
   rF+:       It protects you from fire.
   rN+:       It protects you from negative energy.
   MP+9:      It affects your magic capacity (+9).
   SInv:      It lets you see invisible.
 Q - an amulet of magic regeneration (around neck)
 S - a ring of wizardry
 W - the ring "Qasoysch" {rF++ SInv}
   (You bought it in a shop on level 2 of the Shoals)

   [ring of see invisible]

   rF++:      It greatly protects you from fire.
   SInv:      It lets you see invisible.
 Y - the ring "Joihyrej" {rF+ AC+4 Str+3}
   (You acquired it on level 2 of the Lair of Beasts)

   [ring of protection]

   AC+4:      It affects your AC (+4).
   Str+3:     It affects your strength (+3).
   rF+:       It protects you from fire.
Wands
 d - a wand of digging (4)
 e - a wand of charming (13)
 f - a wand of flame (35)
 j - a wand of quicksilver (6)
 k - a wand of iceblast (26)
 s - a wand of mindburst (39)
 P - a wand of polymorph (41)
Scrolls
 y - 3 scrolls of immolation
 z - a scroll of torment
 B - 4 scrolls of blinking
 C - 3 scrolls of poison
 E - 2 scrolls of fear
 F - 11 scrolls of fog
 J - 4 scrolls of silence {!r}
 T - 11 scrolls of teleportation
 V - 7 scrolls of vulnerability
Miscellaneous
 c - a condenser vane
 l - a lightning rod (4/4)
 n - a phial of floods
 O - a sack of spiders
 U - a phantom mirror (inert)


   Skills:
 + Level 14.4 Fighting
 - Level 12.0 Short Blades
 + Level 5.6 Staves
 - Level 6.0 Throwing
 + Level 9.6 Armour
 + Level 6.5 Dodging
 + Level 8.9 Stealth
 + Level 10.2 Shields
 - Level 15.9 Spellcasting
 + Level 9.6 Conjurations
 - Level 7.0 Hexes
 - Level 15.9 Summonings
 - Level 15.9 Necromancy
 - Level 15.9 Translocations
 - Level 7.0 Air Magic
 - Level 8.0 Earth Magic
 + Level 9.1 Alchemy
 - Level 15.9 Invocations
 + Level 8.6 Evocations


You had one spell level left.
You knew the following spells:

 Your Spells              Type           Power      Damage    Failure   Level
d - Iskenderun's Mystic   Conj/Tloc      87%        2d17      1%          4
g - Apportation           Tloc           100%       N/A       0%          1
h - Lee's Rapid Deconstr  Erth           45%        3d22*     2%          5
m - Stone Arrow           Conj/Erth      100%       3d13      1%          3
n - Dispel Undead         Necr           100%       3d31      1%          4
s - Infestation           Necr           71%        N/A       21%         8
v - Summon Mana Viper     Hex/Summ       82%        N/A       1%          5
y - Yara's Violent Unrav  Hex/Alch       35%        3d14      2%          5
B - Blink                 Tloc           100%       N/A       0%          2
C - Haunt                 Necr/Summ      71%        N/A       2%          7
E - Irradiate             Conj/Alch      38%        3d24      1%          5
M - Malign Gateway        Summ/Tloc      47%        N/A       2%          7

Your spell library contained the following spells:

 Spells                   Type           Power      Damage    Failure   Level
 Kiss of Death            Conj/Necr      100%       2d13      0%          1
 Necrotise                Necr           100%       1d9       0%          1
 Summon Small Mammal      Summ           100%       N/A       0%          1
 Magic Dart               Conj           100%       1d8       1%          1
 Sandblast                Erth           100%       2d20      1%          1
 Slow                     Hex            100%       N/A       1%          1
 Sting                    Conj/Alch      100%       1d9       1%          1
 Freeze                   Ice            100%       1d10      2%          1
 Call Imp                 Summ           100%       N/A       0%          2
 Lesser Beckoning         Tloc           100%       N/A       0%          2
 Momentum Strike          Conj/Tloc      100%       3d10      0%          2
 Call Canine Familiar     Summ           95%        N/A       0%          3
 Fugue of the Fallen      Necr           100%       N/A       0%          3
 Gell's Gravitas          Tloc           95%        N/A       0%          3
 Teleport Other           Tloc           95%        N/A       0%          3
 Vampiric Draining        Necr           100%       2d13      0%          3
 Cigotuvi's Dreadful Rot  Necr/Alch/Air  100%       N/A       1%          2
 Jinxbite                 Hex            100%       N/A       1%          2
 Mercury Vapours          Alch/Air       100%       N/A       1%          2
 Static Discharge         Conj/Air       100%       3-8/arc   1%          2
 Confusing Touch          Hex            67%        N/A       1%          3
 Dazzling Flash           Conj/Hex       100%       N/A       1%          3
 Hailstorm                Conj/Ice       75%        3d13      1%          3
 Inner Flame              Hex/Fire       68%        N/A       1%          3
 Mephitic Cloud           Conj/Alch/Air  93%        N/A       1%          3
 Passwall                 Erth           90%        N/A       1%          3
 Sigil of Binding         Hex            67%        N/A       1%          3
 Summon Ice Beast         Ice/Summ       90%        N/A       1%          3
 Swiftness                Air            86%        N/A       1%          3
 Volatile Blastmotes      Fire/Tloc      100%       2d18      1%          3
 Airstrike                Air            43%        2d(7-23)  1%          4
 Anguish                  Hex/Necr       63%        N/A       1%          4
 Animate Dead             Necr           100%       N/A       1%          4
 Brom's Barrelling Bould  Conj/Erth      94%        2d10      1%          4
 Cause Fear               Hex            33%        N/A       1%          4
 Dimensional Bullseye     Hex/Tloc       41%        N/A       1%          4
 Leda's Liquefaction      Alch/Erth      46%        N/A       1%          4
 Manifold Assault         Tloc           95%        N/A       1%          4
 Olgreb's Toxic Radiance  Alch           75%        N/A       1%          4
 Passage of Golubria      Tloc           95%        N/A       1%          4
 Petrify                  Alch/Erth      93%        N/A       1%          4
 Summon Blazeheart Golem  Fire/Summ      90%        N/A       1%          4
 Summon Lightning Spire   Summ/Air       100%       N/A       1%          4
 Vhi's Electric Charge    Tloc/Air       100%       N/A       1%          4
 Alistair's Intoxication  Alch           50%        N/A       1%          5
 Arcjolt                  Conj/Air       46%        1d56      1%          5
 Curse of Agony           Necr           100%       N/A       1%          5
 Iskenderun's Battlesphe  Conj           77%        2d13      1%          5
 Summon Forest            Summ/Tloc      47%        N/A       1%          5
 Summon Cactus Giant      Summ           47%        N/A       1%          6
 Summon Hydra             Summ           47%        N/A       2%          7
 Ignite Poison            Fire/Alch      74%        N/A       3%          4
 Silence                  Hex/Air        43%        N/A       3%          5
 Frozen Ramparts          Ice            82%        1d13      6%          3
 Freezing Cloud           Conj/Ice/Air   50%        6-21      6%          5
 Eringya's Noxious Bog    Alch           37%        4d6       8%          6
 Bombard                  Conj/Erth      47%        9d8       9%          6
 Spellforged Servitor     Conj/Summ      43%        N/A       10%         7
 Conjure Ball Lightning   Conj/Air       46%        3x3d16    11%         6
 Metabolic Englaciation   Hex/Ice        34%        N/A       14%         5
 Disjunction              Tloc           47%        N/A       21%         8
 Summon Horrible Things   Summ           47%        N/A       21%         8
 Starburst                Conj/Fire      37%        6d11      41%         6
 Sculpt Simulacrum        Ice/Alch       37%        N/A       45%         6
 Plasma Beam              Fire/Air       43%        2x1d57    61%         6
 Enfeeble                 Hex            33%        N/A       71%         7
 Lehudib's Crystal Spear  Conj/Erth      47%        10d11     98%         8
 Ozocubu's Refrigeration  Ice            20%        4d12      100%        7
 Discord                  Hex            33%        N/A       100%        8
 Ignition                 Fire           20%        3d7       100%        8
 Maxwell's Capacitive Co  Air            43%        ∞         100%        8
 Chain Lightning          Conj/Air       46%        3d61      100%        9
 Polar Vortex             Ice            20%        12d2*     100%        9
 Borgnjor's Revivificati  Necr           Unusable   N/A       N/A         8
 Death's Door             Necr           Unusable   N/A       N/A         9

Dungeon Overview and Level Annotations

Branches:
Dungeon (15/15)            Temple (1/1) D:5            Lair (5/5) D:9
 Shoals (4/4) Lair:3       Spider (4/4) Lair:3        Slime (0/5) Lair:5
    Orc (2/2) D:9             Elf (3/3) Orc:2        Vaults (5/5) D:14
  Crypt (3/3) Vaults:2       Tomb (0/3) Crypt:3      Depths (4/4) D:15
    Zot (5/5) Depths:4    Desolation (visited)

Altars:
Ashenzari
Cheibriados
Dithmenos
Fedhas
Gozag
Hepliaklqana
Kikubaaqudgha
Makhleb
Nemelex Xobeh
Okawaru
Qazlal
Ru
Sif Muna
Trog
Uskayaw
Vehumet
Wu Jian
Xom
Yredelemnul
Lugonu

Shops:
D:7 [   D:10 **   D:15 (   Orc:1 !*   Orc:2 =***   Elf:2 (   Elf:3 (
Shoals:2 (=   Shoals:3 *   Vaults:1 ?   Vaults:4 (:   Vaults:5 ==((!!?*!
Depths:3 =::

Portals:
Hell: Depths:1 Depths:2 Depths:3 Depths:4
Abyss: Lair:5 Depths:1 Depths:3 Depths:4
Pandemonium: Depths:2
Ziggurat: Depths:3


Innate Abilities, Weirdness & Mutations

You are immune to poison.
Your flesh is cold resistant. (rC+)
You are immune to negative energy. (rN+++)
You are immune to unholy pain and torment.
You are vulnerable to heat. (rF-)
You are strongly in touch with the powers of death.
You do not drink.
You have a special connection with the divine. (Faith)


Message History

You fly upwards.
There is a stone staircase leading down here.
Your magical contamination has completely faded away.
There is a stone staircase leading up here.
There is a stone staircase leading up here.
You fly upwards.
There is a stone staircase leading down here.
There is a stone staircase leading up here.
You fly upwards.
There is a stone staircase leading down here.
There is an open door here.
There is an open door here.
There is a stone staircase leading up here.
You fly upwards.
There is a stone staircase leading down here.
There is an escape hatch in the ceiling here.
A mysterious force pulls you upwards. The hatch slams shut behind you.
A reaper comes into view. It is wielding a +0 heavy scythe.
You feel a surge of power!
The stone arrow hits the reaper.
The reaper is lightly wounded.
You block the reaper's attack.
Casting: Stone Arrow (safe; 1% risk of failure)
Confirm with . or Enter, or press ? or * to list all spells.
You erupt in a fountain of uncontrolled magic!
The reaper is blasted with magical radiation!!
The reaper is heavily wounded.
The reaper twists and deforms.
You are very lightly contaminated with residual magic.
The reaper closely misses you.
You can now pass through a line of other dancers.
Casting: Irradiate (mildly dangerous; 1% risk of failure)
Confirm with . or Enter, or press ? or * to list all spells.
You erupt in a fountain of uncontrolled magic!
The reaper is blasted with magical radiation!!
You kill the reaper!
You are lightly contaminated with residual magic.
There is an open door here.
Magic restored.
There is a stone staircase leading up here.
You fly upwards.
There is a stone staircase leading down here.
There is an open door here.
A Hell Sentinel comes into view.
The Hell Sentinel roars!
The Hell Sentinel gestures at you.
The sphere of damnation explodes!
The damnation engulfs you!! The Hell Sentinel gestures at you.
The sphere of damnation explodes!
The damnation engulfs you!!
There is a staircase leading out of the dungeon here.
You have escaped!

##.##..# ##.....## ####...#
#.##..# ##...## ##.## #.....#
##'## #.# ####.### ##..# #.#
###...###...### #.#
#.............# #.#
##.............## #.#
#...###..1###...# #.#
#...#......@#...#########.#
#...#.......#...........#.#
##.............#.##.......#
#......#......#....###.###
##.............#.#### #.#
##...#.......#....# #.#
##....#>......#....######.#
##.#...###...###...........#
##.###.............##########


You could see a Hell Sentinel.

Vanquished Creatures
  4 dread liches
  2 ancient liches
  4 orbs of fire (Zot:5)
  The ghost of Ydililac the Metallomancer, a legendary GrEE of Gozag (Zot:4)
  Josephina (Depths:2)
  Boris (twice) (Crypt:3 Depths:4)
  A Killer Klown (Zot:5)
  Bai Suzhen (Vaults:3)
  A curse toe (Zot:4)
  A caustic shrike (Depths:4)
  A golden dragon (Depths:2)
  Arachne (Spider:1)
  A bone dragon (Depths:1)
  The ghost of Lianjan the Contemplative, an adept GnWr of Cheibriados (Vaults:4)
  An electric golem (Zot:5)
  A tentacled monstrosity (Zot:5)
  A Brimstone Fiend (Zot:1)
  Jorgrun (D:15)
  8 Orb Guardians
  An Ice Fiend (Depths:3)
  3 deep elf blademasters
  A quicksilver dragon (Zot:5)
  A deep elf master archer (Elf:3)
  A sphinx (Vaults:4)
  3 eldritch tentacles
  A lich (Depths:1)
  4 death cobs
  A kraken (Shoals:4)
  The ghost of Cacuas the Convoker, an adept TeSu of Yredelemnul (Shoals:3)
  7 ancient champions
  2 shadow dragons
  2 storm dragons
  Gastronok (D:8)
  A protean progenitor (Zot:5)
  Kirke (Lair:3)
  2 tengu reavers
  4 revenants
  Aizul (Spider:4)
  Donald (Spider:4)
  A draconian knight (Depths:4)
  2 frost giants (Depths:3)
  4 deep elf sorcerers
  An imperial myrmidon (Desolation)
  7 ghost moths
  3 fire giants
  A draconian shifter (Zot:5)
  6 emperor scorpions
  3 ghouls (Crypt:2)
  4 vault wardens
  A draconian stormcaller (Zot:5)
  A spriggan defender (Depths:3)
  A caustic shrike zombie (Crypt:3)
  3 curse skulls
  5 reapers
  4 ironbound preservers
  A deep elf elementalist (Elf:3)
  A formless jellyfish (Vaults:4)
  5 ironbound thunderhulks
  2 broodmothers
  2 stone giants
  7 very ugly things
  A green draconian (Depths:4)
  Nessos (D:14)
  3 deep elf demonologists (Elf:3)
  8 deep elf death magi
  6 vampire knights
  2 war gargoyles
  A purple draconian (Depths:4)
  A red draconian (Zot:2)
  4 deep elf annihilators (Elf:3)
  2 black draconians
  The ghost of Morbidden the Grappler, a journeyman TrEE of Cheibriados (Lair:1)
  2 halazid warlocks (Desolation)
  A yellow draconian (Depths:4)
  4 spark wasps
  2 crystal guardians (Vaults:3)
  4 merfolk javelineers
  14 eidola
  Snorg (Lair:3)
  4 ettins
  3 fire dragons
  5 merfolk impalers
  4 jiangshi (Crypt:2)
  2 yaktaur captains
  2 deep elf high priests
  A mummy priest (Crypt:3)
  6 entropy weavers
  The ghost of HourglassMan the Cleaver, a journeyman MiFi of Okawaru (D:10)
  2 spriggan zombies
  5 vault guards
  Erolcha (D:11)
  A fenstrider witch zombie (Crypt:2)
  The ghost of hattey the Fighter, a journeyman HuWn of Okawaru (D:11)
  A rakshasa (D:14)
  4 servants of whispers (Desolation)
  5 great orbs of eyes
  The ghost of Zigma the Grappler, a journeyman DrMo of Yredelemnul (D:11)
  3 ice dragons
  3 hydras
  9 peacekeepers
  2 radroaches
  A salamander tyrant (Depths:1)
  4 ragged hierophants (Desolation)
  A spriggan air mage (Depths:2)
  A merfolk avatar (Shoals:1)
  2 death knights (Crypt:2)
  2 hell beasts
  10 centaur warriors
  3 merfolk aquamancers
  The ghost of Jimnaule the Frost Mage, a journeyman DgIE (D:12)
  A jorogumo (Spider:4)
  A spriggan skeleton (Crypt:3)
  32 dancing weapons
  2 boulder beetles
  7 ironbound frosthearts
  4 two-headed ogres
  2 deep troll shamans (Depths:2)
  2 satyrs
  7 demonic crawlers
  The ghost of koorschki the Skirmisher, a novice DsHu of Ashenzari (D:8)
  6 deep troll earth magi
  4 tengu warriors
  14 death yaks
  4 vampire magi
  2 soul eaters
  4 orc high priests (Orc:2)
  Urug (D:13)
  2 thrashing horrors (Lair:5)
  2 titan zombies (Crypt:3)
  16 deep elf knights
  30 skeletal warriors
  Nergalle (D:11)
  A shadow wraith (Vaults:5)
  5 pharaoh ants
  3 skysharks
  Lodul (D:11)
  An iron troll (Depths:1)
  Amaemon (Lair:2)
  An iron giant zombie (Crypt:3)
  A quicksilver dragon simulacrum (Depths:2)
  9 sea snakes
  17 deep trolls
  An anaconda zombie (Crypt:3)
  9 orb spiders
  A bunyip skeleton (Crypt:3)
  7 glowing orange brains
  5 flayed ghosts
  An orange crystal statue (Depths:1)
  A sun moth (Spider:2)
  4 arcanists
  An obsidian statue (Shoals:3)
  17 deep elf pyromancers
  An iron dragon zombie (Crypt:3)
  Pikel (D:4)
  18 harpies
  5 necromancers
  18 phantasmal warriors
  A harpy (shapeshifter) (Elf:2)
  10 ironbound convokers
  5 deep elf archers
  A golden dragon skeleton (Crypt:3)
  19 deep elf zephyrmancers
  2 steelbarb worms (Spider:3)
  17 wolf spiders
  7 manticores
  11 orc knights
  4 oklob plants (Lair:4)
  2 orc sorcerers
  26 ugly things
  A shining eye (Zot:5)
  Maurice (D:7)
  2 stone giant skeletons
  An iron dragon skeleton (Crypt:2)
  4 centaur zombies (Crypt:3)
  4 cyclopes
  7 moths of wrath
  3 water nymphs
  20 elephants
  2 guardian serpents (Desolation)
  Joseph (D:8)
  2 kobold blastminers (Orc:1)
  A guardian serpent (shapeshifter) (Elf:1)
  A meliai (shapeshifter) (Elf:1)
  8 merfolk sirens
  2 large abominations (Lair:5)
  3 black mambas
  2 dire elephant zombies (Crypt:3)
  2 water nymphs (shapeshifter)
  9 cane toads
  An orange demon (Lair:3)
  9 vault sentinels
  3 gargoyles
  2 smoke demons
  4 torpor snails
  2 unseen horrors (shapeshifter)
  3 unseen horrors
  6 yaktaurs
  A spark wasp simulacrum (Depths:3)
  A mana viper skeleton (Crypt:1)
  A rime drake (Lair:4)
  5 freezing wraiths
  A dire elephant skeleton (Crypt:3)
  An unseen horror skeleton (Crypt:2)
  9 komodo dragons
  2 tengu conjurers (D:13)
  A minotaur skeleton (Crypt:2)
  7 trolls
  2 trolls (shapeshifter)
  3 wind drakes
  36 saltlings (Desolation)
  A tengu simulacrum (Depths:3)
  9 hellwings (Crypt:3)
  A raiju (shapeshifter) (Elf:2)
  A pale draconian skeleton (Crypt:1)
  28 tarantellas
  13 merfolk
  2 polar bears
  Prince Ribbit (D:8)
  2 hornets
  A raiju (Lair:5)
  A harpy skeleton (Crypt:2)
  16 blink frogs
  5 snapping turtles
  10 slime creatures
  26 jumping spiders
  12 small abominations
  12 culicivoras
  9 water elementals
  A culicivora (shapeshifter) (Elf:1)
  A spriggan (Lair:5)
  2 ynoxinuls (Lair:5)
  3 shadows
  A fire elemental (Elf:2)
  5 wraiths
  2 ushabtiu (Crypt:3)
  An ettin skeleton (Crypt:3)
  20 humans
  42 yaks
  2 wyverns
  A warg (Orc:2)
  A golden eye (shapeshifter) (Elf:2)
  4 steam dragons
  2 hogs (Lair:3)
  66 redbacks
  8 basilisks
  2 yaks (shapeshifter)
  9 nameless horrors
  A naga zombie (Crypt:3)
  A two-headed ogre zombie (Crypt:2)
  2 chaos spawn (Lair:5)
  A merfolk zombie (Crypt:1)
  A harpy simulacrum (Crypt:2)
  A glowing shapeshifter zombie (Crypt:2)
  An acid dragon (shapeshifter) (Elf:1)
  12 water moccasins
  30 orc warriors
  A dream sheep zombie (Crypt:2)
  3 sky beasts
  2 ice beasts
  2 swamp drakes (Lair:4)
  A hornet zombie (Crypt:1)
  9 laughing skulls
  A swamp dragon zombie (Crypt:1)
  A black bear (Lair:4)
  A crocodile (shapeshifter) (Elf:2)
  10 ogres
  20 centaurs
  7 wolves
  2 boggarts (Depths:1)
  An elephant skeleton (Crypt:2)
  A phantom (D:4)
  A kobold brigand (D:11)
  2 lemures (D:4)
  9 bullfrogs
  A glowing shapeshifter simulacrum (Depths:2)
  An earth elemental (Elf:1)
  A gnoll sergeant (D:11)
  4 wyvern skeletons (Crypt:3)
  2 wights (D:8)
  4 electric eels
  7 howler monkeys
  A black bear zombie (Crypt:1)
  6 hounds
  15 jellies
  2 bombardier beetles (D:5)
  32 orc priests
  2 gnoll boudas
  12 hell rats
  2 sleepcaps
  20 orc wizards
  An iguana (D:4)
  A deep dwarf zombie (Crypt:2)
  A mummy (Crypt:3)
  13 gnolls
  5 adders
  A steam dragon zombie (Crypt:2)
  2 shadow imps
  A ribbon worm zombie (Crypt:2)
  A white imp (D:5)
  An adder zombie (Crypt:1)
  2 dart slugs
  A ribbon worm (D:4)
  81 orcs
  7 ball pythons
  5 bat skeletons (D:5)
  2 bat zombies (D:5)
  10 endoplasms
  3 giant cockroaches
  3 goblins
  7 hobgoblins
  2 jackals (D:4)
  4 quokkas
  4 bats
  An endoplasm zombie (Crypt:1)
  6 frilled lizards
  7 kobolds
  4 rats
  A river rat skeleton (Crypt:1)
  An aspiring flesh (Zot:5)
  2 tentacles (Shoals:4)
1582 creatures vanquished.

Vanquished Creatures (collateral kills)
  2 ancient liches
  A dread lich (Vaults:5)
  6 orbs of fire
  Mara (Depths:1)
  A juggernaut (Depths:4)
  Sojobo (Vaults:5)
  Boris (twice) (Depths:3 Vaults:5)
  Parghit (Depths:4)
  3 Killer Klowns
  2 curse toes (Zot:5)
  14 golden dragons
  Margery (Vaults:5)
  3 caustic shrikes (Depths:4)
  Jory (Depths:4)
  23 tentacled monstrosities
  A walking crystal tome (Depths:2)
  19 Orb Guardians
  3 electric golems
  A lich (Depths:2)
  10 titans
  A searing wretch (Vaults:5)
  A deep elf master archer (Elf:3)
  3 sphinxes
  A walking divine tome (Depths:2)
  2 death cobs
  10 quicksilver dragons
  4 eldritch tentacles
  Roxanne (Spider:2)
  5 tengu reavers (Vaults:5)
  14 storm dragons
  10 shadow dragons
  The ghost of wooly the Proselytiser, an adept HOMo of Beogh (Elf:2)
  7 protean progenitors
  3 draconian knights
  7 fire giants
  2 draconian monks
  2 draconian shifters
  4 iron dragons
  6 frost giants
  15 vault wardens
  3 draconian scorchers
  A deep elf sorcerer (Vaults:5)
  2 imperial myrmidons (Desolation)
  18 ironbound preservers
  3 ghost moths (Zot:5)
  A deep elf elementalist (Elf:3)
  2 cacodemons
  5 draconian annihilators
  2 orc warlords
  15 very ugly things
  2 reapers (Crypt:3)
  A formless jellyfish (Vaults:4)
  18 stone giants
  5 black draconians
  A deep elf demonologist (Vaults:1)
  A vampire knight (Depths:1)
  2 broodmothers (Zot:3)
  A deep elf death mage (Elf:3)
  3 deep elf annihilators (Elf:3)
  3 ironbound thunderhulks
  11 green draconians
  3 yellow draconians
  A halazid warlock (Desolation)
  5 dire elephants
  7 red draconians
  8 purple draconians
  2 white draconians
  7 spark wasps
  A blizzard demon (Depths:3)
  4 fire dragons
  A merfolk javelineer (Shoals:4)
  4 ragged hierophants (Desolation)
  3 deep elf high priests
  8 ettins
  3 merfolk impalers
  8 yaktaur captains
  2 rakshasas (Depths:1)
  A great orb of eyes (Vaults:2)
  4 ice dragons
  31 vault guards
  3 servants of whispers (Desolation)
  An alligator (Zot:5)
  2 ogre magi (Vaults:5)
  2 peacekeepers (Desolation)
  An alligator snapping turtle (Shoals:2)
  2 hydras (D:12)
  A spriggan air mage (Depths:2)
  A death knight (Vaults:2)
  2 merfolk aquamancers (Shoals:4)
  5 ironbound frosthearts
  A boulder beetle (Vaults:2)
  A radroach (Spider:3)
  A satyr (Shoals:3)
  3 jorogumos
  3 two-headed ogres (Vaults:5)
  3 deep troll shamans
  4 demonic crawlers
  An orc high priest (Orc:2)
  A spriggan berserker (Depths:3)
  A tengu warrior (Depths:3)
  2 shock serpents (shapeshifter)
  3 deep troll earth magi
  4 hell knights (Vaults:5)
  A spriggan (Depths:3)
  3 sun demons (Shoals:2)
  5 soul eaters
  A goliath frog (Zot:5)
  6 sea snakes
  A shadow wraith (Vaults:5)
  A sixfirhy (Depths:1)
  4 glowing orange brains
  A spriggan rider (Depths:3)
  2 skeletal warriors (D:14)
  2 orb spiders
  A mana viper (shapeshifter) (Depths:1)
  42 deep trolls
  3 arcanists
  A deep elf archer (Elf:3)
  A mana viper (Vaults:4)
  An orb spider (shapeshifter) (Depths:3)
  4 sun moths
  5 lindwurms
  A phantasmal warrior (Vaults:5)
  11 harpies
  12 ironbound convokers
  3 deep elf pyromancers
  6 orc knights
  A steelbarb worm (Spider:4)
  10 necromancers
  21 ugly things
  A manticore (shapeshifter) (Vaults:2)
  3 wolf spiders
  5 fauns
  A shining eye (shapeshifter) (Depths:3)
  5 manticores
  4 large abominations (Depths:3)
  A frost giant skeleton (Depths:2)
  A guardian serpent (Desolation)
  24 moths of wrath
  2 elephants
  4 merfolk sirens
  An elephant (shapeshifter) (Vaults:5)
  A water nymph (shapeshifter) (Elf:2)
  23 vault sentinels
  6 water nymphs
  An eye of devastation (shapeshifter) (Vaults:5)
  An unseen horror (Depths:3)
  13 yaktaurs
  An efreet (D:12)
  A tengu conjurer (Depths:3)
  A freezing wraith (Depths:1)
  4 hellwings (Crypt:3)
  3 tarantellas
  7 merfolk
  A hornet (Depths:3)
  13 saltlings (Desolation)
  A wind drake (Shoals:4)
  2 snapping turtles
  A tarantella (shapeshifter) (Vaults:3)
  A dream sheep (shapeshifter) (Vaults:5)
  A fire giant simulacrum (Depths:2)
  12 jumping spiders
  3 culicivoras
  2 water elementals
  37 slime creatures
  A wraith (D:9)
  A golden eye (shapeshifter) (Elf:2)
  A warg (Vaults:5)
  5 redbacks
  2 chaos spawn (Depths:3)
  An acid dragon (D:10)
  7 small abominations (Depths:3)
  A glowing shapeshifter zombie (Depths:2)
  14 orc warriors
  2 ogres (Vaults:5)
  A phantom (D:4)
  9 nameless horrors
  An earth elemental (Elf:2)
  A glowing shapeshifter simulacrum (Depths:2)
  A wight (D:8)
  2 orc priests (Orc:2)
  An orc wizard (Orc:2)
  3 ribbon worms
  8 orcs
  An endoplasm (D:2)
  A hobgoblin (D:3)
  7 aspiring fleshes
  A spectral weapon (Zot:5)
856 creatures vanquished.

Vanquished Creatures (others)
  128 eldritch tentacles
  A storm dragon (Zot:1)
  A red draconian (Zot:5)
  A yellow draconian (Zot:4)
  An alligator (Zot:5)
  A spriggan berserker (Depths:3)
  A sea snake (Shoals:2)
  A sun moth (Spider:3)
  An arcanist (D:7)
  An ugly thing (Depths:2)
  A tengu simulacrum (Depths:2)
  A redback (Spider:2)
  3 tentacles (Shoals:4)
142 creatures vanquished.

Grand Total: 2580 creatures vanquished

Notes
Turn   | Place    | Note
-------+----------+-------------------------------------------
     0 | D:1      | Ge0ff the Mummy Hedge Wizard began the quest for the Orb.
     0 | D:1      | Reached XP level 1. HP: 13/13 MP: 5/5
   112 | D:1      | Reached skill level 1 in Conjurations
   476 | D:1      | Reached XP level 2. HP: 19/19 MP: 0/7
   480 | D:1      | Learned a level 2 spell: Call Imp
   638 | D:1      | Reached skill level 1 in Summonings
  1382 | D:2      | Reached XP level 3. HP: 24/24 MP: 6/8
  1737 | D:2      | Learned a level 2 spell: Blink
  2236 | D:2      | Identified the +10 dagger "Figheh" {heavy, rN++}
  2787 | D:3      | Learned a level 3 spell: Mephitic Cloud
  2796 | D:3      | Found a faded altar of an unknown god.
  2799 | D:3      | Prayed at the altar of an unknown god.
  2799 | D:3      | Became a worshipper of Uskayaw the Reveller
  2799 | D:3      | Reached * piety under Uskayaw
  3225 | D:3      | Reached ** piety under Uskayaw
  3228 | D:3      | Reached *** piety under Uskayaw
  3229 | D:3      | Reached XP level 4. HP: 31/31 MP: 6/10
  3649 | D:4      | Noticed a lemure
  3726 | D:4      | Killed a lemure
  3949 | D:4      | Noticed Pikel
  3959 | D:4      | Noticed a lemure
  3961 | D:4      | Noticed a lemure
  3962 | D:4      | Noticed a lemure
  3970 | D:4      | Killed a lemure
  3979 | D:4      | Killed Pikel
  3980 | D:4      | Reached skill level 1 in Fighting
  3980 | D:4      | Reached skill level 1 in Short Blades
  3980 | D:4      | Reached XP level 5. HP: 7/37 MP: 7/12
  3980 | D:4      | Reached XP level 6. HP: 8/43 MP: 7/13
  3980 | D:4      | Reached XP level 7. HP: 9/48 MP: 7/14
  4221 | D:4      | Reached skill level 5 in Spellcasting
  5008 | D:4      | Found a sparkling altar of Nemelex Xobeh.
  5895 | D:4      | Found a sparkling altar of Nemelex Xobeh.
  5967 | D:4      | Reached skill level 1 in Invocations
  6281 | D:5      | Entered Level 5 of the Dungeon
  6281 | D:5      | Found a staircase to the Ecumenical Temple.
  6446 | D:5      | Reached XP level 8. HP: 54/54 MP: 6/15
  7091 | Temple   | Entered the Ecumenical Temple
  7223 | D:5      | Learned a level 2 spell: Cigotuvi's Dreadful Rot
  7500 | D:5      | Found an ancient bone altar of Kikubaaqudgha.
  7572 | D:6      | Reached skill level 1 in Translocations
  8163 | D:6      | Reached skill level 1 in Necromancy
  8733 | D:7      | Noticed Maurice
  9165 | D:7      | Identified the +0 chain mail of the Devil {Str-4 Int+3
                  | Dex+2}
  9360 | D:7      | Reached XP level 9. HP: 46/61 MP: 10/16
  9521 | D:7      | Found Ytiky's Antique Armour Shop.
  9526 | D:7      | Bought an embroidered cloak for 217 gold pieces
  9639 | D:7      | Found a bloodstained altar of Trog.
  9641 | D:7      | Noticed a wizard
  9647 | D:7      | Killed a wizard
 10566 | D:8      | Reached skill level 5 in Conjurations
 10678 | D:8      | Noticed Prince Ribbit
 10717 | D:8      | Killed Prince Ribbit
 10764 | D:8      | Noticed Joseph
 11025 | D:8      | Found a runed translucent door.
 11028 | D:8      | Noticed koorschki's ghost (novice DsHu)
 11152 | D:8      | Reached skill level 5 in Short Blades
 11191 | D:8      | Noticed Gastronok
 11548 | D:8      | Killed Joseph
 12384 | D:8      | Reached XP level 10. HP: 70/70 MP: 13/17
 12720 | D:8      | Reached skill level 5 in Stealth
 12854 | D:9      | Reached **** piety under Uskayaw
 13041 | D:9      | Reached ***** piety under Uskayaw
 13053 | D:9      | Reached ****** piety under Uskayaw
 13055 | D:9      | Found a staircase to the Orcish Mines.
 13303 | D:9      | Found a staircase to the Lair.
 13786 | D:9      | Identified the +1 war axe of Defence {vamp, rF+ Str+4}
 13818 | D:9      | Identified the +1 chain mail of Loimujon {rN+}
 13971 | D:10     | Entered Level 10 of the Dungeon
 14222 | D:10     | Found Doky Cer's Mass Market.
 14224 | D:10     | Found a runed translucent gate.
 14225 | D:10     | Found a runed translucent gate.
 14226 | D:10     | Found a runed translucent gate.
 14227 | D:10     | Noticed Zigma's ghost (journeyman DrMo)
 14227 | D:10     | Noticed hattey's ghost (journeyman HuWn)
 14227 | D:10     | Noticed HourglassMan's ghost (journeyman MiFi)
 14604 | D:10     | Reached XP level 11. HP: 78/78 MP: 15/18
 14626 | D:10     | Reached skill level 5 in Fighting
 14752 | D:10     | You fall into a shaft and drop 1 floor!
 15209 | D:10     | Found Yfukak's General Store.
 15684 | D:10     | Found a runed translucent door.
 15697 | D:10     | Noticed a yaktaur captain
 16025 | D:11     | Noticed Lodul
 16088 | D:11     | Reached skill level 10 in Short Blades
 16110 | D:11     | Identified the +1 leather armour of Servitude {+Inv rC-
                  | Dex+3 Stlth+}
 16820 | D:11     | Identified the ring "Suoc Sat" {rPois rC+ Dex+6}
 16843 | D:11     | Reached skill level 1 in Evocations
 17110 | D:11     | Noticed Nergalle
 17134 | D:11     | Killed Nergalle
 17303 | D:11     | Noticed a two-headed ogre
 17315 | D:11     | Killed a two-headed ogre
 17316 | D:11     | Reached skill level 5 in Invocations
 17328 | D:11     | Noticed a two-headed ogre
 17345 | D:11     | Killed a two-headed ogre
 17410 | D:11     | Noticed Erolcha
 17494 | D:11     | Killed Erolcha
 17495 | D:11     | Reached skill level 1 in Shields
 17975 | D:11     | Killed Lodul
 17976 | D:11     | Reached skill level 1 in Armour
 18537 | D:7      | Killed Maurice
 18687 | D:10     | Bought a phial of floods for 520 gold pieces
 18774 | Lair:1   | Entered Level 1 of the Lair of Beasts
 18804 | Lair:1   | Reached XP level 12. HP: 75/86 MP: 20/20
 19283 | Lair:1   | Noticed Morbidden's ghost (journeyman TrEE)
 19294 | Lair:1   | Found a runed translucent gate.
 19295 | Lair:1   | Found a runed translucent gate.
 19296 | Lair:1   | Found a runed translucent gate.
 19373 | Lair:1   | Reached skill level 5 in Evocations
 19565 | Lair:1   | Identified the +6 long sword of Destiny {venom, +Blink}
 20448 | Lair:2   | Reached skill level 5 in Shields
 20451 | Lair:2   | Identified a scroll of acquirement
 20965 | Lair:3   | Found a staircase to the Shoals.
 21195 | Lair:3   | Noticed a death yak
 21196 | Lair:3   | Noticed a death yak
 21289 | Lair:3   | Noticed Amaemon
 21363 | Lair:2   | Killed Amaemon
 21406 | Lair:3   | Noticed Snorg
 21506 | Lair:3   | Gained mutation: You are strongly in touch with the powers
                  | of death. [Mummy growth]
 21506 | Lair:3   | Reached XP level 13. HP: 90/96 MP: 20/22
 21770 | Lair:2   | Acquired the ring "Joihyrej" {rF+ AC+4 Str+3}
 22455 | Lair:3   | Noticed Kirke
 22469 | Lair:3   | Killed Kirke
 22556 | Lair:3   | Killed Snorg
 22805 | Lair:3   | Found a hole to the Spider Nest.
 23237 | Lair:3   | Found a hole to the Spider Nest.
 23448 | Lair:3   | Found a staircase to the Shoals.
 24257 | Lair:4   | Reached skill level 1 in Throwing
 25198 | Lair:5   | Entered Level 5 of the Lair of Beasts
 25776 | Lair:5   | Acquired the ring of Quodet {Dex+6 SInv}
 26005 | Lair:5   | Found a staircase to the Slime Pits.
 26629 | Lair:5   | Reached XP level 14. HP: 92/108 MP: 21/24
 28527 | Lair:5   | Learned a level 2 spell: Static Discharge
 28532 | Lair:5   | Learned a level 4 spell: Summon Lightning Spire
 28730 | Lair:5   | Found a corrupted altar of Lugonu.
 28730 | Lair:5   | Found a one-way gate to the infinite horrors of the Abyss.
 28744 | Lair:5   | Learned a level 3 spell: Confusing Touch
 28749 | Lair:5   | Learned a level 4 spell: Dispel Undead
 28754 | Lair:5   | Learned a level 4 spell: Airstrike
 28966 | Lair:5   | Reached skill level 5 in Air Magic
 29161 | D:8      | Killed koorschki's ghost
 29296 | D:8      | Killed Gastronok
 30262 | D:11     | Killed Zigma's ghost
 30399 | D:11     | Killed hattey's ghost
 30557 | D:10     | Killed HourglassMan's ghost
 30722 | D:10     | HP: 4/108 [yaktaur captain/bolt (32)]
 31393 | D:10     | Got the Textbook on the Jinx and the Crucible
 32076 | Lair:1   | Killed Morbidden's ghost
 32204 | Lair:1   | Identified the ring "Xyalyemi" {Fly rElec}
 32332 | D:12     | Found a runed translucent gate.
 32332 | D:12     | Noticed Jimnaule's ghost (journeyman DgIE)
 32334 | D:12     | Found a runed translucent gate.
 32334 | D:12     | Found a runed translucent gate.
 32993 | D:12     | Reached skill level 5 in Summonings
 33783 | Orc:1    | Entered Level 1 of the Orcish Mines
 33813 | Orc:1    | Found Ratisi's General Store.
 33936 | Orc:1    | Found Gewket's Distillery.
 34584 | Orc:1    | You fall into a shaft and drop 1 floor!
 34584 | Orc:2    | Entered Level 2 of the Orcish Mines
 34628 | Orc:2    | Reached skill level 5 in Necromancy
 34982 | Orc:2    | Found a staircase to the Elven Halls.
 35385 | Orc:2    | Reached XP level 15. HP: 103/114 MP: 17/25
 36194 | Orc:2    | Found Jiqiysy's Jewellery Emporium.
 36196 | Orc:2    | Found Taum's Assorted Antiques.
 36196 | Orc:2    | Found Nomilawn's General Store.
 36197 | Orc:2    | Found Teeno's Assorted Antiques.
 36208 | Orc:2    | Bought a wand of iceblast (5) for 180 gold pieces
 36208 | Orc:2    | Bought a scroll of vulnerability for 60 gold pieces
 36208 | Orc:2    | Bought 3 scrolls of poison for 180 gold pieces
 36210 | Orc:2    | Bought a wand of polymorph (5) for 182 gold pieces
 36211 | Orc:2    | Bought a scroll of fear for 132 gold pieces
 36767 | D:13     | Noticed Urug
 36791 | D:13     | Killed Urug
 37041 | D:13     | Learned a level 1 spell: Apportation
 37445 | D:14     | Found a shimmering altar of Xom.
 37446 | D:14     | Found a shimmering altar of Xom.
 37447 | D:14     | Found a shimmering altar of Xom.
 37456 | D:14     | Found a portal to a secret trove of treasure.
 37568 | D:14     | Reached skill level 10 in Fighting
 37870 | D:14     | Noticed Nessos
 37881 | D:14     | Killed Nessos
 37965 | D:14     | Found a gate to the Vaults.
 38699 | D:14     | Found a shimmering altar of Xom.
 38700 | D:14     | Found a shimmering altar of Xom.
 38701 | D:14     | Found a shimmering altar of Xom.
 38885 | D:14     | Found a gate to the Vaults.
 39309 | D:15     | Entered Level 15 of the Dungeon
 39969 | D:15     | Noticed Jorgrun
 40000 | D:15     | Killed Jorgrun
 40001 | D:15     | Reached skill level 1 in Hexes
 40178 | D:15     | Found a staircase to the Depths.
 40450 | D:15     | Found Oxtel's Antique Weapon Emporium.
 40461 | D:15     | Bought a bloodstained spear for 280 gold pieces
 40461 | D:15     | Identified the +1 spear of Dishonesty {flame, Will+ rCorr}
                  | (You bought it in a shop on level 15 of the Dungeon)
 41093 | Spider:1 | Entered Level 1 of the Spider Nest
 41126 | Spider:1 | Noticed an emperor scorpion
 41173 | Lair:3   | Killed an emperor scorpion
 41388 | Spider:1 | Reached XP level 16. HP: 115/123 MP: 21/29
 41407 | Spider:1 | Reached skill level 10 in Spellcasting
 41409 | Spider:1 | Reached skill level 5 in Alchemy
 42034 | Spider:1 | Learned a level 7 spell: Haunt
 42524 | Spider:2 | Noticed Arachne
 42538 | Spider:1 | Killed Arachne
 43390 | Spider:2 | Noticed Roxanne
 45830 | Spider:3 | Reached XP level 17. HP: 89/125 MP: 31/31
 46251 | Spider:3 | Learned a level 2 spell: Lesser Beckoning
 46303 | Spider:4 | Entered Level 4 of the Spider Nest
 46421 | Spider:4 | Identified the serpent talisman of the Original Sin {rElec
                  | Int+2}
 46421 | Spider:4 | Noticed Aizul
 46441 | Spider:4 | Killed Aizul
 46906 | Spider:4 | Noticed Donald
 46918 | Spider:4 | Killed Donald
 47430 | Spider:4 | Reached skill level 10 in Necromancy
 50084 | Spider:4 | Identified the +4 hat of the Arcane {rC+}
 50348 | Spider:4 | Identified the +5 hat of Taroanugg {Int+5 Stlth+}
 50460 | Spider:4 | Got a gossamer rune of Zot
 52346 | D:12     | Killed Jimnaule's ghost
 53149 | Shoals:1 | Entered Level 1 of the Shoals
 53242 | Shoals:1 | Found a flickering gateway to a bazaar.
 53282 | Bazaar   | Entered a bazaar
 53282 | Bazaar   | Found Ithracurgh's Weapon Boutique.
 53282 | Bazaar   | Found Ina Cif's Armour Shop.
 53282 | Bazaar   | Found Coicziel's Antique Armour Shop.
 53282 | Bazaar   | Found Lichucuci's Magic Scroll Boutique.
 53282 | Bazaar   | Found Eggu's Antique Armour Boutique.
 53302 | Bazaar   | Bought a scroll of enchant armour for 97 gold pieces
 53302 | Bazaar   | Bought a scroll of poison for 52 gold pieces
 53302 | Bazaar   | Bought a scroll of teleportation for 39 gold pieces
 53302 | Bazaar   | Bought a scroll of teleportation for 39 gold pieces
 53302 | Bazaar   | Bought a scroll of teleportation for 39 gold pieces
 53312 | Bazaar   | Bought a pair of embroidered gloves for 202 gold pieces
 53312 | Bazaar   | Bought a pair of runed gloves for 202 gold pieces
 53325 | Bazaar   | Bought a pair of runed boots for 202 gold pieces
 53342 | Bazaar   | Bought 3 darts of dispersal for 32 gold pieces
 53422 | Shoals:1 | Reached skill level 10 in Summonings
 54334 | Shoals:2 | Identified the +7 long sword "Miadgh" {flame, rElec Dex+4}
 54388 | Shoals:2 | Found Nejis's One-of-a-Kind Rings.
 55571 | Shoals:2 | Found Asareo's Weapon Emporium.
 56762 | Shoals:3 | Found a runed translucent gate.
 56763 | Shoals:3 | Found a runed translucent gate.
 56763 | Shoals:3 | Found an opulent altar of Gozag.
 56764 | Shoals:3 | Found a runed translucent gate.
 56766 | Shoals:3 | Found Wale's Assorted Antiques.
 56770 | Shoals:3 | Noticed Cacuas's ghost (adept TeSu)
 57158 | Shoals:3 | Reached XP level 18. HP: 137/138 MP: 17/34
 57180 | Shoals:3 | Learned a level 3 spell: Stone Arrow
 57458 | Shoals:3 | Reached skill level 1 in Earth Magic
 57522 | Shoals:3 | Got the Spellbook of the Maledictive Glacier
 57906 | Shoals:4 | Entered Level 4 of the Shoals
 58402 | Shoals:4 | Got a barnacled rune of Zot
 59479 | Shoals:4 | Identified the +8 dire flail "Veusyuj" {antimagic, SInv}
 59547 | Shoals:4 | Reached skill level 5 in Armour
 61047 | Spider:2 | Killed Roxanne
 61194 | Elf:1    | Entered Level 1 of the Elven Halls
 62418 | Elf:1    | Got the Tome of Orientation and Breath
 63060 | Elf:2    | Found a runed translucent gate.
 63061 | Elf:2    | Found a runed translucent gate.
 63061 | Elf:2    | Noticed a tentacled monstrosity
 63062 | Elf:2    | Found a runed translucent gate.
 63062 | Elf:2    | Noticed a tentacled monstrosity
 63065 | Elf:2    | Noticed a tentacled monstrosity
 63065 | Elf:2    | Noticed a tentacled monstrosity
 63190 | Elf:2    | Found Fatuf's Antique Weapon Emporium.
 63194 | Elf:2    | Bought an iridescent dagger for 161 gold pieces
 63194 | Elf:2    | Identified the +6 dagger "Exualy Ihei" {flame, rElec Will+}
                  | (You bought it in a shop on level 2 of the Elven Halls)
 63262 | Elf:2    | Reached skill level 15 in Necromancy
 63347 | Elf:2    | Learned a level 4 spell: Iskenderun's Mystic Blast
 63363 | Elf:2    | Found a runed translucent gate.
 63363 | Elf:2    | Found a runed translucent gate.
 63383 | Elf:2    | Found a runed translucent gate.
 63664 | Elf:2    | Reached XP level 19. HP: 71/143 MP: 4/36
 64124 | Elf:2    | Identified the blade talisman "Rowutu" {rC+}
 64882 | Elf:3    | Entered Level 3 of the Elven Halls
 65211 | Elf:3    | Found Qeatopeiwi's Antique Weapon Boutique.
 65315 | Elf:3    | Bought a glowing rapier for 301 gold pieces
 65620 | Elf:3    | Learned a level 5 spell: Yara's Violent Unravelling
 66539 | Elf:3    | Identified the +1 fire dragon scales of the Grim God {rF++
                  | rC- Dex+2}
 66834 | Elf:3    | Identified the amulet "Fah Gul" {Rampage rElec Regen+}
 66879 | Elf:3    | Identified the +4 ring mail of Xaetaabb {Dex+4 Stlth+}
 67256 | Elf:3    | Identified the +8 great mace of the Girdle {freeze, rC-
                  | Str+7 Dex-2 Stlth+}
 67342 | Elf:3    | Identified the quicksilver dragon scales "Dygemux"
                  | {*Corrode rN++ Will+ Str-5 SInv}
 67500 | Elf:3    | Found the +3 giant club "Skullcrusher" {speed, Str+7}
 67503 | Elf:3    | Identified the staff of the Other Side {rF+ rN+ Fire Air
                  | Alchemy}
 67905 | Vaults:1 | Entered Level 1 of the Vaults
 68703 | Vaults:1 | Reached skill level 5 in Hexes
 69114 | Elf:2    | Learned a level 5 spell: Summon Mana Viper
 69392 | Vaults:1 | Reached skill level 15 in Spellcasting
 69785 | Vaults:1 | Found Xorphaxt's Magic Scroll Emporium.
 69846 | Vaults:1 | Bought a scroll of blinking for 135 gold pieces
 70431 | Vaults:1 | Reached XP level 20. HP: 142/153 MP: 33/39
 71330 | Vaults:1 | Found the +18 shield of the Gong {Loud rN+ Will+ rCorr
                  | EV-5}
 71946 | Vaults:2 | Found a crumbling gateway.
 72013 | Desolati | Entered the Desolation of Salt
 72373 | Desolati | Identified the +3 ring mail "Fysiwn" {Harm Dex-2 SInv
                  | Stlth+}
 72500 | Desolati | Identified the +4 scimitar of the Abyss {flame, rElec rN+++
                  | Int-3 Dex+4}
 72978 | Desolati | Reached skill level 5 in Earth Magic
 73329 | Desolati | Identified the +8 halberd "Killer Bee's Curse" {elec,
                  | rCorr}
 73564 | Desolati | Got the Secrets of the Wayfarer and Cleavage
 73570 | Desolati | Identified the +7 hand axe of Lilapt {freeze, rC+ rN+}
 73573 | Desolati | Identified the ring "Cotomy" {rPois Will+++ Str-5 Stlth+}
 73625 | Desolati | Got the Spellbook of Formulae and Oxidation
 75899 | Vaults:2 | You fall into a shaft and drop 1 floor!
 76051 | Vaults:2 | Found a staircase to the Crypt.
 76438 | Vaults:3 | Reached XP level 21. HP: 159/159 MP: 34/40
 76461 | Vaults:3 | Learned a level 5 spell: Lee's Rapid Deconstruction
 76731 | Vaults:3 | Noticed Bai Suzhen
 76755 | Vaults:3 | Killed Bai Suzhen
 77892 | Vaults:1 | Bought a scroll of immolation for 72 gold pieces
 77892 | Vaults:1 | Bought a scroll of teleportation for 54 gold pieces
 77973 | Crypt:1  | Entered Level 1 of the Crypt
 78512 | Crypt:1  | Identified the +0 plate armour "Laycw" {SInv}
 79109 | Crypt:1  | Identified the +4 ring mail "Canti" {Str+4}
 80209 | Crypt:2  | Reached skill level 10 in Invocations
 80809 | Crypt:3  | Entered Level 3 of the Crypt
 80958 | Crypt:3  | Reached skill level 15 in Summonings
 81147 | Crypt:3  | Reached skill level 5 in Translocations
 81165 | Crypt:3  | Reached XP level 22. HP: 163/165 MP: 20/41
 81228 | Crypt:3  | Learned a level 7 spell: Malign Gateway
 81420 | Crypt:3  | Got the Vademecum on Evil
 81558 | Crypt:3  | Identified the +5 chain mail of the Cobbler {rElec Str-3
                  | Int+8 Stlth+}
 82049 | Crypt:3  | Found an ancient bone altar of Kikubaaqudgha.
 82542 | Crypt:3  | Found a staircase to the Tomb.
 82779 | Crypt:3  | Noticed Boris
 82784 | Crypt:3  | Killed Boris
 82882 | Crypt:3  | Noticed a dread lich
 82891 | Crypt:3  | Killed a dread lich
 82911 | Crypt:3  | Noticed a dread lich
 82917 | Crypt:3  | Killed a dread lich
 82919 | Crypt:3  | Identified the ring of Posucw {rN+ Slay+2}
 82919 | Crypt:3  | Identified the ring "Qoecvy" {rN+ Will+ Dex+4 Stlth+}
 82919 | Crypt:3  | Identified the ring of Yredelemnul's Esteem {rElec rC+ rN+
                  | Str-3}
 83710 | Elf:2    | Found a runed translucent gate.
 83710 | Elf:2    | Found a runed translucent gate.
 83713 | Elf:2    | Noticed wooly's ghost (adept HOMo)
 83714 | Elf:2    | Found a runed translucent gate.
 83783 | Elf:2    | Killed wooly's ghost
 83834 | Elf:2    | Identified the +0 pair of boots of Recklessness {rElec}
 83991 | Elf:2    | Found Fatuf's Antique Weapon Emporium.
 84815 | Shoals:3 | Killed Cacuas's ghost
 84894 | Shoals:3 | Bought a scroll of immolation for 112 gold pieces
 84894 | Shoals:3 | Bought a scroll of revelation for 210 gold pieces
 85355 | Vaults:4 | Found Qugaynup's Weapon Shoppe.
 85648 | Vaults:4 | Found a runed translucent gate.
 85648 | Vaults:4 | Found a runed translucent gate.
 85648 | Vaults:4 | Found a runed translucent gate.
 85650 | Vaults:4 | Noticed Lianjan's ghost (adept GnWr)
 85660 | Vaults:4 | Killed Lianjan's ghost
 85739 | Vaults:4 | Reached skill level 10 in Translocations
 86522 | Vaults:4 | Found Laulinir's Book Shoppe.
 86704 | Vaults:4 | Reached XP level 23. HP: 147/171 MP: 39/42
 87201 | Crypt:3  | Learned a level 8 spell: Infestation
 87487 | Depths:1 | Entered Level 1 of the Depths
 87705 | Depths:1 | Found a gateway to Hell.
 89167 | Depths:2 | Identified the ring "Minloew" {Ice ^Drain rElec Int+4
                  | Stlth+}
 89167 | Depths:2 | Noticed Josephina
 89188 | Depths:2 | Killed Josephina
 89373 | Depths:2 | Noticed Mara
 89374 | Depths:2 | Noticed Ge0ff's illusion
 89441 | Depths:1 | Killed Mara
 89739 | Depths:2 | Found a one-way gate leading to the halls of Pandemonium.
 90479 | Depths:2 | Identified the +7 mace of Action {holy, rPois Will+ Str-3}
 90739 | Depths:3 | Found Fulereh's Jewellery Shoppe.
 90739 | Depths:3 | Found Porchugoc's Book Shop.
 90740 | Depths:3 | Found Ythrem's Book Shop.
 90753 | Depths:3 | Bought a book of Spontaneous Combustion for 874 gold pieces
 90867 | Depths:3 | Noticed Boris
 90875 | Depths:3 | Killed Boris
 91070 | Depths:3 | Reached skill level 15 in Invocations
 91258 | Depths:3 | Found a one-way gateway to a ziggurat.
 91413 | Depths:3 | Reached XP level 24. HP: 178/178 MP: 38/42
 92203 | Depths:4 | Entered Level 4 of the Depths
 92229 | Depths:4 | Noticed Jory
 92231 | Depths:4 | Noticed Parghit
 92232 | Depths:4 | HP: 5/178 [Parghit/large rock (53)]
 92406 | Depths:4 | Noticed a juggernaut
 92414 | Depths:4 | Killed a juggernaut
 92720 | Depths:4 | Noticed Boris
 92729 | Depths:4 | Killed Boris
 93584 | Depths:4 | Killed Jory
 94478 | Depths:4 | Killed Parghit
 94632 | Depths:3 | Identified the +0 quarterstaff of Symmetry {flame, rElec
                  | Int+3 Dex-5 Stlth+}
 94682 | Depths:4 | Found the +6 arbalest "Damnation" {damnation}
 95156 | Depths:4 | Found a gate to the Realm of Zot.
 95519 | Shoals:2 | Bought the ring "Qasoysch" {rF++ SInv} for 711 gold pieces
 95939 | Vaults:5 | Entered Level 5 of the Vaults
 95940 | Vaults:5 | Found Qaidezus's Distillery.
 96374 | Vaults:5 | Reached skill level 15 in Translocations
 96616 | Vaults:5 | Noticed Boris
 96622 | Vaults:5 | Killed Boris
 97176 | Vaults:5 | Found Jiedemec's Magic Scroll Shop.
 97181 | Vaults:5 | Bought a scroll of fear for 96 gold pieces
 97181 | Vaults:5 | Bought a scroll of fear for 96 gold pieces
 97181 | Vaults:5 | Bought a scroll of immolation for 96 gold pieces
 97181 | Vaults:5 | Bought a scroll of teleportation for 72 gold pieces
 97181 | Vaults:5 | Bought a scroll of teleportation for 72 gold pieces
 97189 | Vaults:5 | Found Nyr Upsu's Distillery.
 97189 | Vaults:5 | Found Vief's Distillery.
 97335 | Vaults:5 | Noticed Sojobo
 97343 | Vaults:5 | Paralysed by an air elemental for 1 turns
 97351 | Vaults:5 | Paralysed by an air elemental for 1 turns
 97366 | Vaults:5 | Paralysed by an air elemental for 1 turns
 97382 | Vaults:5 | Reached XP level 25. HP: 88/184 MP: 5/42
 97506 | Vaults:5 | Paralysed by an air elemental for 1 turns
 97507 | Vaults:5 | Killed Sojobo
 97512 | Vaults:5 | Noticed an ancient lich
 97540 | Vaults:5 | Killed an ancient lich
 97633 | Vaults:5 | Noticed an ancient lich
 97639 | Vaults:5 | Killed an ancient lich
 97779 | Vaults:5 | Identified the +1 double sword of Oozing Pus {freeze,
                  | ^Fragile rC+ rN+ Str+3 Stlth+}
 97780 | Vaults:5 | Noticed a dread lich
 97786 | Vaults:5 | Killed a dread lich
 97825 | Vaults:5 | Found Otoxemir's Assorted Antiques.
 97911 | Vaults:5 | Bought a scroll of vulnerability for 144 gold pieces
 98460 | Vaults:5 | Noticed Margery
 98471 | Vaults:5 | Killed Margery
 98926 | Vaults:5 | Found Mirghif's Antique Weapon Boutique.
 98930 | Vaults:5 | Found Lappoilo's Jewellery Shoppe.
 98934 | Vaults:5 | Got a silver rune of Zot
 98964 | Vaults:5 | Found Jeixyi Vyil's Jewellery Boutique.
 98987 | Vaults:5 | Found Fatonosua's Antique Weapon Shoppe.
 99466 | Vaults:5 | Bought the +3 Elemental Staff {ele, rElec rF+ rC+ AC+3} for
                  | 2341 gold pieces
 99466 | Vaults:5 | Found the +3 Elemental Staff {ele, rElec rF+ rC+ AC+3}
 99631 | Vaults:1 | Bought a scroll of revelation for 135 gold pieces
 99631 | Vaults:1 | Bought a scroll of fog for 72 gold pieces
 99949 | Shoals:3 | Bought a wand of mindburst (6) for 235 gold pieces
100225 | D:14     | You paid a toll of 6 scrolls of fear to enter a treasure
                  | trove
100226 | Trove    | Entered a treasure trove
100257 | Trove    | Identified the amulet of Aptu Qua {Spirit rCorr Int+5
                  | Dex-4}
100261 | Trove    | Identified the ring of Unukee {rN+ AC+4 Str+2}
100265 | Trove    | Identified the ring "Ytso" {rN+ AC+4 SInv}
100267 | Trove    | Identified the ring "Koeb" {rF+++ rN+ EV+5 Str-2 Int-3}
100271 | Trove    | Identified the ring "Biorph" {+Blink rElec Str+3 Int+6
                  | Dex-5}
100273 | Trove    | Identified the ring "Ataojote" {Fly rF+ Int+6}
100276 | Trove    | Identified the ring of Qiji {EV+5 SInv}
100278 | Trove    | Identified the ring "Berchoo" {rElec rPois MP-9 EV+5 Str+4}
100837 | Zot:1    | Entered Level 1 of the Realm of Zot
101785 | Zot:1    | Reached skill level 1 in Staves
102552 | Zot:1    | Identified the staff "Jeosevuv" {*Slow +Blink rN+ Int+5
                  | Necro}
103271 | Zot:2    | Noticed an orb of fire
103339 | Zot:2    | Identified the +4 rapier of Riagot Ozon {flame, *Rage rPois
                  | Str+9 Dex-5}
103811 | Zot:2    | Killed an orb of fire
104540 | Zot:2    | Reached skill level 5 in Throwing
104944 | Zot:3    | Reached XP level 26. HP: 195/195 MP: 7/42
104950 | Zot:3    | Learned a level 5 spell: Irradiate
106851 | Zot:4    | Found a runed translucent door.
106851 | Zot:4    | Noticed Ydililac's ghost (legendary GrEE)
106866 | Zot:4    | Killed Ydililac's ghost
107890 | Vaults:5 | Bought the ring of Maocadghi {rF+ rN+ MP+9 Int+2 SInv} for
                  | 932 gold pieces
108303 | Zot:5    | Entered Level 5 of the Realm of Zot
108397 | Zot:5    | Reached skill level 5 in Dodging
109091 | Zot:5    | Noticed an ancient lich
109126 | Zot:5    | Noticed an orb of fire
109134 | Zot:5    | Killed an orb of fire
109759 | Zot:5    | Noticed an orb of fire
109766 | Zot:5    | Killed an orb of fire
109962 | Zot:5    | Noticed an orb of fire
110674 | Zot:5    | Noticed a dread lich
110687 | Zot:5    | Killed a dread lich
110782 | Zot:5    | Killed an orb of fire
111405 | Zot:5    | Noticed an orb of fire
111521 | Zot:5    | Noticed an orb of fire
111538 | Zot:5    | Killed an orb of fire
111994 | Zot:5    | Killed an orb of fire
112488 | Zot:5    | Noticed a dread lich
112737 | Zot:5    | Reached skill level 5 in Staves
112816 | Zot:5    | Reached XP level 27. HP: 175/204 MP: 42/42
112895 | Zot:5    | Noticed an orb of fire
112896 | Zot:5    | Noticed an ancient lich
112897 | Zot:5    | Killed an ancient lich
113477 | Zot:5    | Reached skill level 10 in Shields
113520 | Zot:5    | Killed a dread lich
113820 | Zot:5    | Noticed an orb of fire
113842 | Zot:5    | Killed an orb of fire
113843 | Zot:5    | Killed an orb of fire
113975 | Zot:5    | Killed an ancient lich
113999 | Zot:5    | Noticed an orb of fire
114075 | Zot:5    | Killed an orb of fire
114134 | Zot:5    | Killed an orb of fire
114636 | Zot:5    | Got the Orb of Zot
115230 | D:$      | Escaped with the Orb!

Illustrated notes

Levels and vault maps discovered:
D:1:      minmay_arrival_open_corners, layout_loops_corners,
          chequers_mini_garden
D:2:      layout_loops_corners, minmay_misc_feat_alley, st_stairs_12
D:3:      minmay_evil_eye, layout_rooms, hellmonk_ecumenical_altar_inner_sanctum
D:4:      layout_loops_corners, nemelex_dance_club_becter, uniq_pikel
D:5:      layout_loops_ring, kennysheep_vampire_church,
          minmay_temple_entry_statues_fountains, kennysheep_flooded_box,
          minmay_misc_feat_tower
D:6:      layout_basic, serial_library_hellmonk_recessed_alcove
D:7:      layout_loops_ring, trog_wizard, serial_shops, shop, nicolae_tricolors,
          uniq_maurice
D:8:      layout_basic, ebering_ghost_reflecting_pool, centaur_isle,
          uniq_prince_ribbit1, uniq_gastronok, uniq_joseph
D:9:      layout_roguey, erik_lair_island, chequers_serial_rivers_marsh
D:10:     layout_basic, gammafunk_ghost_cemetery, serial_shops, shop,
          minmay_shop_mass, minivault_13
D:11:     nicolae_whirlpool, layout_cave_pods, uniq_erolcha, uniq_nergalle,
          uniq_lodul
D:12:     layout_stronghold, gammafunk_ghost_hydra_chop
D:13:     layout_loops_ring, nicolae_tso_carved_into_rock, uniq_urug
D:14:     layout_stronghold, david_vaults_3, enter_trove_1, xom_redecorated
D:15:     grunt_enter_depths_snipers, layout_cave_pods, serial_shops, shop,
          uniq_jorgrun
Temple:   hellmonk_temple_of_storms
Lair:1:   layout_regular_city, gammafunk_ghost_split, lemuel_fruit_tree
Lair:2:   layout_regular_city
Lair:3:   layout_gridlike, minmay_shoals_entry_lonely_mermaid,
          spider_nest_entry_a, uniq_amaemon, uniq_kirke, uniq_snorg
Lair:4:   minmay_lair_oklob_chamber, layout_loops_ring, guppyfry_lair_drakes,
          infiniplex_staircase_pool
Lair:5:   hellmonk_lair_end_abyssal_woods, layout_concentric_octagons,
          minmay_slime_entry_jelly_boxes
Shoals:1: layout_shoals, serial_shops, bzr_entry_gold
Shoals:2: layout_shoals, serial_shops, shop, nicolae_shop_unique_rings,
          nicolae_shoals_bring_sunscreen
Shoals:3: layout_shoals, ebering_ghost_gozag, st_sunken_temple
Shoals:4: shoals_end_grunt_ice, layout_shoals
Spider:1: layout_spider_delve
Spider:2: layout_spider_delve, nicolae_spider_nook, uniq_roxanne, uniq_arachne
Spider:3: nicolae_spider_hilbert_zone_1 [nicolae_spider_hilbert_4_sides_1_open,
          nicolae_spider_hilbert_4_sides_1_open,
          nicolae_spider_hilbert_4_sides_1_open,
          nicolae_spider_hilbert_4_sides_1_open,
          nicolae_spider_hilbert_3_sides_1_open,
          nicolae_spider_hilbert_3_sides_1_open,
          nicolae_spider_hilbert_3_sides_1_open,
          nicolae_spider_hilbert_3_sides_1_open,
          nicolae_spider_hilbert_3_sides_1_open,
          nicolae_spider_hilbert_6_sides_1_open,
          nicolae_spider_hilbert_6_sides_1_open,
          nicolae_spider_hilbert_3_sides_1_open,
          nicolae_spider_hilbert_3_sides_1_open,
          nicolae_spider_hilbert_3_sides_1_open,
          nicolae_spider_hilbert_3_sides_1_open,
          nicolae_spider_hilbert_2_sides_1_open]
Spider:4: guppyfry_spider_rune, hangedman_spider_tarantella_strand, uniq_aizul,
          uniq_donald
Orc:1:    layout_caves, serial_shops, nicolae_shop_hallway_stairs,
          shop_fountains, regret_index_minedec_devilstone
Orc:2:    st_orc_pillars, layout_diamond_mine
Elf:1:    elf_arrival_002, layout_loops_cross, nicolae_elf_shapeshifter_party
Elf:2:    elven_hall_of_blades_hangedman_original
          [nicolae_blade_entry_crossed_weapons], layout_rooms,
          ploomutoo_gammafunk_ghost_potion_laboratory, serial_shops,
          nicolae_shop_pleasant_corner_grove
Elf:3:    elf_hall_gauntlet_narrow, layout_rooms, serial_sigils,
          serial_sigils_hangedman_gnaw, serial_sigils_hangedman_gut,
          serial_sigils_hangedman_snap, serial_sigils_hangedman_carve,
          serial_shops, shop, dreamdust_wishing_well
Vaults:1: nicolae_vaults_wrenched, hellmonk_guarded_unrand_gong,
          vaults_mumra_hex, nicolae_vaults_trapezoid_1,
          nicolae_vaults_spaceships, hangedman_vaults_snaps,
          nicolae_vaults_network_quinsquares
          [nicolae_vaults_network_quincunx_subvault,
          nicolae_vaults_network_quincunx_subvault,
          nicolae_vaults_network_quincunx_subvault,
          nicolae_vaults_network_quincunx_subvault], layout_vaults_quadrants,
          serial_shops, shop
Vaults:2: portal_desolation_entry_twin_temple, vaults_mumra_lcd,
          nicolae_vaults_closet_pinwheel_4, nicolae_vaults_tangram_2,
          hangedman_surveillance_ring, vaults_room_grid,
          minmay_crypt_entry_simple_round, nicolae_vaults_shelves_hall,
          v_misc_9, nicolae_vaults_storage_room_doors,
          nicolae_vaults_trapezoid_lopsided_1, nicolae_vaults_tetromino_Z_2,
          nicolae_vaults_six-pack, hangedman_vaults_impose,
          nicolae_vaults_trapezoid_layered, layout_vaults_omnicross
Vaults:3: v_alt_pattern_6, v_misc_12, nicolae_vaults_closet_pinwheel_5,
          v_misc_16, v_misc_32, nicolae_vaults_storage_closets_1,
          vaults_standard_mumra_x, layout_vaults_big_room, uniq_bai_suzhen
Vaults:4: ebering_ghost_rock_garden, nicolae_vaults_closet_pinwheel_6,
          nicolae_vaults_taking_the_gang_shopping, hangedman_vaults_impose,
          vaults_room_hallway, nicolae_vaults_house_2, vaults_room_large_hall,
          grunt_vaults_trifunnel, hangedman_vaults_restitches,
          grunt_vaults_twisty, nicolae_vaults_diagonal_hallway_9, v_misc_14,
          layout_vaults_maze_snakey, serial_shops, nicolae_shop_back_alley_shop
Vaults:5: serial_shops, uniq_sojobo, uniq_margery
Crypt:1:  layout_chaotic_city, grunt_megastairs_1, grunt_crypt_arrival_split
Crypt:2:  layout_gridlike
Crypt:3:  evilmike_haunted_forest, uniq_boris
Depths:1: layout_cave_shapes, abyss_entry, roderic_roman_lattice,
          grunt_mini_vestibule, corner_web_ring, horrible_house_mu
Depths:2: minmay_expanding_squares, layout_long_grid, hell_entry, pan_entry,
          kennysheep_path_1, nicolae_letterblocks [nicolae_letter_subblock,
          nicolae_letter_subblock, nicolae_letter_subblock,
          nicolae_letter_subblock, nicolae_letter_subblock,
          nicolae_letter_subblock, nicolae_letter_subblock,
          nicolae_letter_subblock, nicolae_letter_subblock,
          nicolae_letter_subblock, nicolae_letter_subblock,
          nicolae_letter_subblock, nicolae_letter_subblock,
          nicolae_letter_subblock, nicolae_letter_subblock,
          nicolae_letter_subblock, nicolae_letter_subblock,
          nicolae_letter_subblock, nicolae_letter_subblock,
          nicolae_letter_subblock, nicolae_letter_subblock,
          nicolae_letter_subblock, nicolae_letter_subblock,
          nicolae_letter_subblock, nicolae_letter_subblock],
          infiniplex_staircase_zigzag_4, uniq_mara, uniq_josephina
Depths:3: minmay_coctagon, layout_gridville, enter_ziggurat_b,
          hangedman_coc_ice_floe, minmay_room_of_horrors, minivault_1,
          feat_on_display, infiniplex_staircase_pillars_2, serial_bayou_shore_b,
          firewood_loft, serial_bayou_shore_b, minmay_shop_grove
Depths:4: grunt_zot_entry_gee_three, layout_long_grid, hell_entry, abyss_entry,
          nicolae_titane, uniq_jory, uniq_parghit
Zot:1:    minmay_elemental_castle, layout_twisted_circle,
          regret_index_zotdec_icy_dp
Zot:2:    layout_misc_corridors, regret_index_zotdec_serpentine_scales,
          zot_minivault_7
Zot:3:    layout_misc_corridors
Zot:4:    layout_concentric_octagons, hellmonk_ghost_happy_afterlife,
          grunt_megastairs_2
Zot:5:    layout_gridlike

Skill      XL: |  1  2  3  4  5  6  7  8  9 10 11 12 13 14 15 16 17 18 19 20 21 22 23 24 25 26 27 |
---------------+----------------------------------------------------------------------------------+-----
Conjurations   | 1 2 3 4 5 6 7 8 9 |  9.6
Summonings     | 1 2 5 8 10 11 12 14 15 | 15.9
Fighting       | 1 2 3 4 5 7 9 10 11 12 13 14 | 14.4
Short Blades   | 1 3 6 9 10 11 12 | 12.0
Air Magic      | 2 3 4 6 7 |  7.0
Alchemy        | 2 3 4 5 7 8 9 |  9.1
Spellcasting   | 5 6 7 9 10 12 13 15 | 15.9
Stealth        | 2 3 4 5 7 8 |  8.9
Invocations    | 1 2 3 5 7 8 9 10 12 15 | 15.9
Translocations | 1 2 3 5 10 13 15 | 15.9
Necromancy     | 1 5 9 13 15 | 15.9
Evocations     | 4 5 6 7 8 |  8.6
Shields        | 2 5 6 7 9 10 | 10.2
Armour         | 1 2 3 4 5 6 8 9 |  9.6
Throwing       | 2 3 5 6 |  6.0
Dodging        | 3 4 6 |  6.5
Hexes          | 2 3 5 6 7 |  7.0
Earth Magic    | 3 6 8 |  8.0
Staves         | 3 5 |  5.6

Action                     |  1- 3 |  4- 6 |  7- 9 | 10-12 | 13-15 | 16-18 | 19-21 | 22-24 | 25-27 || total
---------------------------+-------+-------+-------+-------+-------+-------+-------+-------+-------++-------
  Melee: Dagger            |    32 |    20 |   222 |   254 |  1110 |   777 |   487 |   374 |    32 ||  3308
         Punch             |     1 |     1 |     3 |     3 |       |       |       |       |       ||     8
         Short sword       |       |       |       |   166 |       |       |       |       |       ||   166
         Staff             |       |       |       |       |       |       |       |       |   112 ||   112
  Throw: Throwing net      |       |       |       |       |     1 |     1 |     1 |     1 |       ||     4
         Dart              |       |       |       |       |     1 |     2 |       |     2 |     3 ||     8
         Boomerang         |       |       |       |       |       |     4 |       |       |       ||     4
   Cast: Magic Dart        |   117 |    16 |   228 |   213 |   322 |   328 |   105 |    16 |       ||  1345
         Call Imp          |     4 |     5 |    16 |    11 |     2 |    15 |       |       |       ||    53
         Blink             |     1 |     2 |       |     7 |    10 |     7 |     1 |     6 |     7 ||    41
         Mephitic Cloud    |       |     2 |    49 |    81 |   166 |   150 |     3 |       |       ||   451
         Cigotuvi's Dreadf |       |       |     1 |       |       |    10 |       |       |       ||    11
         Summon Lightning  |       |       |       |       |    47 |   174 |    32 |       |       ||   253
         Dispel Undead     |       |       |       |       |    15 |    11 |   218 |    93 |    23 ||   360
         Airstrike         |       |       |       |       |    31 |   271 |   154 |     2 |       ||   458
         Static Discharge  |       |       |       |       |    15 |    40 |       |       |       ||    55
         Apportation       |       |       |       |       |     2 |    14 |     1 |     6 |    11 ||    34
         Lesser Beckoning  |       |       |       |       |       |     4 |       |       |       ||     4
         Confusing Touch   |       |       |       |       |       |     1 |       |       |       ||     1
         Stone Arrow       |       |       |       |       |       |    14 |   174 |    74 |    54 ||   316
         Haunt             |       |       |       |       |       |     9 |   182 |    93 |   236 ||   520
         Iskenderun's Myst |       |       |       |       |       |       |    44 |    40 |       ||    84
         Yara's Violent Un |       |       |       |       |       |       |     6 |    20 |    14 ||    40
         Summon Mana Viper |       |       |       |       |       |       |    20 |    20 |    10 ||    50
         Lee's Rapid Decon |       |       |       |       |       |       |    11 |    37 |     1 ||    49
         Malign Gateway    |       |       |       |       |       |       |       |    75 |    60 ||   135
         Infestation       |       |       |       |       |       |       |       |    40 |    29 ||    69
         Irradiate         |       |       |       |       |       |       |       |       |    56 ||    56
 Invoke: Stomp             |       |       |     2 |       |     1 |     7 |     2 |     4 |       ||    16
         Line Pass         |       |       |     1 |     1 |    20 |    15 |     3 |       |       ||    40
         Grand Finale      |       |       |       |     1 |     7 |     1 |       |       |       ||     9
Ability: Evoke Invisibilit |       |       |       |       |     1 |       |       |       |       ||     1
  Evoke: Wand              |       |       |       |     3 |    13 |    27 |     8 |     9 |    18 ||    78
         Phial of floods   |       |       |       |       |     2 |     2 |     1 |     1 |       ||     6
         Lightning rod     |       |       |       |       |       |    21 |    17 |     7 |     1 ||    46
         Condenser vane    |       |       |       |       |       |     1 |     4 |     3 |       ||     8
         Phantom mirror    |       |       |       |       |       |       |     1 |     3 |     3 ||     7
         Sack of spiders   |       |       |       |       |       |       |       |     4 |       ||     4
    Use: Scroll            |     4 |     1 |     6 |     5 |    11 |    18 |    25 |    13 |    14 ||    97
   Stab: Confused          |       |       |    19 |    65 |   115 |    98 |     3 |       |       ||   300
         Paralysed         |       |       |     4 |    20 |    66 |    43 |    30 |    21 |     2 ||   186
         Sleeping          |       |       |     1 |     3 |     2 |     3 |    12 |    13 |       ||    34
         Distracted        |       |       |     1 |     1 |     4 |    14 |    13 |    10 |     4 ||    47
         Betrayed ally     |       |       |       |       |       |     1 |       |       |       ||     1
         Held in net/web   |       |       |       |       |       |       |     1 |       |       ||     1
 Armour: Robe              |    28 |    14 |   140 |    43 |       |       |       |       |       ||   225
         Steam dragon scal |       |       |       |   123 |   327 |       |       |       |       ||   450
         Leather armour    |       |       |       |       |     2 |       |       |       |       ||     2
         Troll leather arm |       |       |       |       |   317 |  1017 |   591 |   478 |   487 ||  2890
  Dodge: Dodged            |    19 |     9 |   152 |   131 |   458 |   567 |   268 |   208 |   132 ||  1944
  Block: Buckler           |       |       |       |    21 |   215 |   268 |   164 |   109 |   119 ||   896

Table legend: (Time is in decaauts)
 A = Elapsed time spent in this place.
 B = Non-inter-level travel time spent in this place.
 C = Inter-level travel time spent in this place.
 D = Time resting spent in this place.
 E = Time spent auto-exploring this place.
 F = Levels seen in this place.
 G = Mean time per level.
                   A        B        C        D        E       F      G
               +--------+--------+--------+--------+--------+-----+--------+
         Total | 115083 | 103148 |  11935 |  24737 |  51128 |  54 | 2131.2 |
       Dungeon |  30525 |  26420 |   4105 |   5897 |  15021 |  15 | 2035.0 |
        Temple |      1 |      1 |      0 |      0 |      0 |   1 |    1.0 |
          Lair |  12339 |  10724 |   1615 |   2137 |   5917 |   5 | 2467.8 |
        Shoals |   8575 |   8017 |    558 |   2850 |   2894 |   4 | 2143.8 |
   Spider Nest |  10181 |   9826 |    355 |   3330 |   4006 |   4 | 2545.2 |
  Orcish Mines |   2561 |   2370 |    191 |    312 |   1331 |   2 | 1280.5 |
   Elven Halls |   7618 |   7047 |    571 |   2413 |   3007 |   3 | 2539.3 |
        Vaults |  14346 |  12108 |   2238 |   1985 |   6241 |   5 | 2869.2 |
         Crypt |   5446 |   4742 |    704 |    231 |   3080 |   3 | 1815.3 |
        Depths |   7995 |   7246 |    749 |   2005 |   3394 |   4 | 1998.8 |
           Zot |  13422 |  12575 |    847 |   3001 |   5782 |   5 | 2684.4 |
        Bazaar |     64 |     64 |      0 |      0 |     12 |   1 |   64.0 |
         Trove |     57 |     57 |      0 |      0 |      0 |   1 |   57.0 |
    Desolation |   1945 |   1945 |      0 |    575 |    441 |   1 | 1945.0 |
               +--------+--------+--------+--------+--------+-----+--------+

Top non-repeatable levels by time:
   Zot:5: 6225 daAuts
Spider:4: 5034 daAuts
Vaults:1: 4011 daAuts
     D:8: 3669 daAuts
Vaults:5: 3559 daAuts
   Elf:2: 3277 daAuts
    D:11: 3277 daAuts
    D:10: 3254 daAuts
  Lair:4: 3076 daAuts
    D:12: 3066 daAuts
  Lair:5: 3054 daAuts
Vaults:2: 3051 daAuts
Shoals:4: 3041 daAuts
  Lair:3: 3038 daAuts
Depths:4: 2883 daAuts
